[Event "42nd Olympiad Baku 2016 Open"]
[Site "Baku"]
[Date "2016.09.08"]
[Round "6.4"]
[White "Aguiar, Cristiano"]
[Black "Emuakpeje, Ochuko"]
[Result "1-0"]
[ECO "E30"]
[WhiteElo "2208"]
[BlackElo "2272"]
[Annotator ""]
[PlyCount "83"]
[EventDate "2016.??.??"]
[EventCountry "AZE"]
[SourceTitle "playchess.com"]
[Source "ChessBase"]
[WhiteTeam "Angola"]
[BlackTeam "Nigeria"]
[WhiteTeamCountry "ANG"]
[BlackTeamCountry "NGR"]
[TimeControl "40/5400+30:1800+30"]

1. d4 {(00:00} Nf6 {(00:00} 2. c4 {(00:00} e6 {(
00:00} 3. Nc3 {(00:00} Bb4 {(00:28} 4. Bg5 {(01:39} c5
{(01:55} 5. d5 {(00:13} h6 {(03:53} 6. Bh4 {(00:
20} Bxc3+ {(04:36} 7. bxc3 {(00:19} d6 {(02:00} 8. f3
{(08:18} e5 {(05:15} 9. e4 {(03:10} Nbd7 {(02:
55} 10. Bd3 {(00:31} Nf8 {(01:30} 11. Ne2 {(03:04} Ng6
{(00:39} 12. Bf2 {(00:40} Nh5 {(03:12} 13. O-O {
(11:15} Nhf4 {(03:01} 14. Bc2 {(05:26} O-O {(01:
38} 15. Ng3 {(03:26} Qg5 {(04:14} 16. Kh1 {(00:19} h5
{(07:58} 17. Rg1 {(00:26} h4 {(02:29} 18. Nf5 {(
04:48} Bxf5 {(06:33} 19. exf5 {(00:04} Ne7 {(00:30}
20. Bxh4 {(05:17} Qxh4 {(00:48} 21. g3 {(00:07} Qh6 {
(07:01} 22. gxf4 {(00:16} Qxf4 {(06:30} 23. Qd3 {
(08:41} f6 {(06:40} 24. Rg4 {(02:46} Qh6 {(00:
16} 25. Rag1 {(00:43} Rf7 {(03:32} 26. Ba4 {(03:12}
Rd8 {(02:03} 27. f4 {(06:13} exf4 {(05:58} 28. Bc2 {
(04:19} Kf8 {(02:34} 29. Qf3 {(01:52} Ng8 {(02:
51} 30. Re1 {(09:46} Re8 {(04:41} 31. Re6 {(00:31} Rd8
{(02:38} 32. Rxf4 {(05:44} Rc7 {(03:32} 33. Ba4 {
(01:45} Ne7 {(01:14} 34. Rfe4 {(01:58} Qc1+ {(
02:53} 35. Re1 {(01:47} Qa3 {(00:47} 36. Bd1 {(02:19}
Rdd7 {(00:44} 37. Qh5 {(00:25} Kg8 {(00:27} 38. Qe8+ {
(01:02} Kh7 {(00:16} 39. Bh5 {(01:04} Qxc3 {(00:
26} 40. Bg6+ {(00:00} Kh6 {(00:00} 41. Qh8+ {(00:45}
Kg5 {(25:38} 42. Qh5+ {(00:12} 1-0

[Event "42nd Olympiad Baku 2016 Open"]
[Site "Baku"]
[Date "2016.09.08"]
[Round "6.30"]
[White "Ahmad, Al Khatib"]
[Black "Palencia Morales, Wilson Guillermo"]
[Result "1/2-1/2"]
[ECO "B00"]
[WhiteElo "2253"]
[BlackElo "2378"]
[Annotator ""]
[PlyCount "143"]
[EventDate "2016.??.??"]
[EventCountry "AZE"]
[SourceTitle "playchess.com"]
[Source "ChessBase"]
[WhiteTeam "Jordan"]
[BlackTeam "Venezuela"]
[WhiteTeamCountry "JOR"]
[BlackTeamCountry "VEN"]
[TimeControl "40/5400+30:1800+30"]

1. e4 {(00:00} d6 {(00:52} 2. Nc3 {(02:26} e5 {(
01:48} 3. g3 {(01:55} h5 {(03:14} 4. h3 {(01:42} h4 {
(00:22} 5. g4 {(00:14} Ne7 {(00:24} 6. d3 {(07:
29} Ng6 {(00:24} 7. Nge2 {(00:21} c5 {(09:42} 8. f4 {
(09:57} exf4 {(00:54} 9. Nxf4 {(00:09} Nxf4 {(
00:13} 10. Bxf4 {(00:06} Nc6 {(00:33} 11. Qd2 {(07:10}
Be6 {(01:49} 12. Bg2 {(01:44} Be7 {(01:39} 13. Nd5 {
(04:34} Qd7 {(12:24} 14. O-O {(13:20} Bd8 {(05:
48} 15. c3 {(03:56} Ne5 {(19:17} 16. Ne3 {(12:12} f6 {
(13:38} 17. d4 {(07:53} Nc4 {(03:06} 18. Nxc4 {(
02:04} Bxc4 {(00:02} 19. Rfd1 {(07:43} cxd4 {(01:22}
20. cxd4 {(00:39} Be7 {(02:16} 21. Rac1 {(06:33} Bf7 {
(02:32} 22. Qa5 {(01:11} b6 {(07:24} 23. Qe1 {(
02:30} O-O {(02:53} 24. d5 {(03:38} Rac8 {(02:23} 25.
Rxc8 {(00:02} Rxc8 {(00:10} 26. Rc1 {(00:33} g5 {
(02:12} 27. Be3 {(00:46} Be8 {(03:15} 28. Rc3 {(
00:23} Rxc3 {(00:58} 29. Qxc3 {(00:04} Qa4 {(00:22}
30. a3 {(01:36} Qd1+ {(01:17} 31. Kh2 {(00:20} Qe2 {
(00:12} 32. Bd4 {(00:37} Kf7 {(00:42} 33. Qc8 {(
00:16} Qd2 {(00:24} 34. Qc3 {(02:10} Qe2 {(00:44} 35.
Qf3 {(00:33} Qxf3 {(00:39} 36. Bxf3 {(00:00} Bb5 {
(00:11} 37. Kg2 {(00:17} Ke8 {(00:49} 38. Kf2 {(
00:57} Bd3 {(00:08} 39. Ke3 {(00:57} Bf1 {(01:07} 40.
Kf2 {(00:00} Bd3 {(00:00} 41. Bg2 {(10:14} Bd8 {
(01:40} 42. Ke3 {(02:04} Bc4 {(00:10} 43. Bf3 {(
06:21} Bf1 {(00:23} 44. Be2 {(00:22} Bg2 {(00:10} 45.
b4 {(01:44} Kf7 {(00:25} 46. Bd3 {(04:44} Be7 {(
05:10} 47. a4 {(01:04} Bd8 {(00:32} 48. Kf2 {(02:17}
Bh1 {(01:15} 49. Ke3 {(01:31} Bg2 {(00:05} 50. Ke2 {
(02:54} Be7 {(02:14} 51. a5 {(01:47} Bd8 {(00:
56} 52. a6 {(00:51} Ke7 {(01:28} 53. Kf2 {(00:26} Bh1
{(00:21} 54. b5 {(01:03} Kf7 {(01:16} 55. Bc3 {(
00:16} Ke7 {(00:18} 56. Bb4 {(00:08} Bc7 {(01:11} 57.
Ke3 {(01:03} Bg2 {(00:04} 58. Kf2 {(00:15} Bh1 {
(00:21} 59. Ba3 {(00:22} Bb8 {(00:32} 60. Ke3 {(
01:04} Bg2 {(00:11} 61. Kf2 {(00:18} Bh1 {(00:12} 62.
Bb2 {(00:22} Bc7 {(00:30} 63. Bc1 {(00:32} Bd8 {
(00:44} 64. Ke3 {(00:30} Bg2 {(00:04} 65. Kf2 {(
00:05} Bh1 {(00:04} 66. Bd2 {(00:26} Bc7 {(00:14} 67.
Bc2 {(00:29} Bb8 {(00:19} 68. Kg1 {(00:59} Bf3 {
(00:07} 69. Kf2 {(00:01} Bh1 {(00:07} 70. Be1 {(
00:09} Bc7 {(00:18} 71. Bd3 {(00:07} Bb8 {(00:17} 72.
Ke3 {(01:52} 1/2-1/2

[Event "42nd Olympiad Baku 2016 Open"]
[Site "Baku"]
[Date "2016.09.08"]
[Round "6.27"]
[White "Aithmidou, Mohamed-Mehdi"]
[Black "Ramos, Efren Andres"]
[Result "1-0"]
[ECO "C50"]
[WhiteElo "2229"]
[BlackElo "2199"]
[Annotator ""]
[PlyCount "57"]
[EventDate "2016.??.??"]
[EventCountry "AZE"]
[SourceTitle "playchess.com"]
[Source "ChessBase"]
[WhiteTeam "Morocco"]
[BlackTeam "Panama"]
[WhiteTeamCountry "MAR"]
[BlackTeamCountry "PAN"]
[TimeControl "40/5400+30:1800+30"]

1. e4 {(00:00} e5 {(00:00} 2. Nf3 {(01:47} Nc6 {
(00:00} 3. Bc4 {(01:01} Nf6 {(00:51} 4. d3 {(00:
29} Bc5 {(00:41} 5. Nc3 {(01:01} d6 {(01:05} 6. a3 {
(13:56} a6 {(00:29} 7. h3 {(00:47} Be6 {(02:56}
8. Nd5 {(02:52} b5 {(04:27} 9. Ba2 {(02:19} h6 {
(00:49} 10. c3 {(03:36} O-O {(03:23} 11. d4 {(
03:11} exd4 {(15:36} 12. cxd4 {(03:46} Ba7 {(04:58}
13. Nxf6+ {(00:33} Qxf6 {(00:05} 14. d5 {(00:13} Qg6 {
(02:14} 15. dxe6 {(06:18} Qxg2 {(11:57} 16. exf7+ {
(00:06} Kh8 {(00:14} 17. Rf1 {(00:22} Rad8 {(04:
58} 18. Qe2 {(01:03} Ne5 {(01:24} 19. Nxe5 {(01:51}
dxe5 {(00:08} 20. Qg4 {(01:57} Qh2 {(01:53} 21. Qg3 {
(00:54} Bxf2+ {(00:30} 22. Qxf2 {(00:14} Qxh3 {(
00:05} 23. Be3 {(00:53} Rd6 {(03:08} 24. Qf3 {(16:34}
Qh2 {(01:02} 25. Qe2 {(00:37} Qg3+ {(02:00} 26. Bf2 {
(00:32} Qg5 {(01:55} 27. Rd1 Rxd1+ {(04:24} 28. Kxd1 {
(01:25} Rd8+ {(00:27} 29. Kc2 {(00:11} 1-0

[Event "42nd Olympiad Baku 2016 Open"]
[Site "Baku"]
[Date "2016.09.08"]
[Round "6.8"]
[White "Al Habeeb, Emad"]
[Black "Chinchilla Miranda, Eugenio"]
[Result "0-1"]
[ECO "D80"]
[WhiteElo "2030"]
[BlackElo "2214"]
[Annotator ""]
[PlyCount "86"]
[EventDate "2016.??.??"]
[EventCountry "AZE"]
[SourceTitle "playchess.com"]
[Source "ChessBase"]
[WhiteTeam "KSA"]
[BlackTeam "Costa Rica"]
[BlackTeamCountry "CRI"]
[TimeControl "40/5400+30:1800+30"]

1. d4 {(00:00} Nf6 {(00:00} 2. c4 {(00:00} g6 {(
00:00} 3. Nc3 {(00:11} d5 {(00:00} 4. Bg5 {(02:45} Ne4
{(00:27} 5. Nxe4 {(01:59} dxe4 {(00:07} 6. e3 {(
00:54} Bg7 {(01:07} 7. Qd2 {(03:42} c5 {(04:01} 8. Ne2
{(06:22} Nc6 {(06:37} 9. d5 {(04:18} Ne5 {(02:
37} 10. Nc3 {(00:20} f5 {(03:04} 11. Be2 {(03:02} O-O
{(06:57} 12. O-O {(00:17} Nf7 {(06:44} 13. Bh4 {
(01:22} Nd6 {(03:15} 14. f3 {(03:40} exf3 {(06:
22} 15. Rxf3 {(02:56} Re8 {(05:17} 16. Bd3 {(03:12}
Qa5 {(02:10} 17. Bg3 {(05:46} Qb4 {(07:00} 18. Bxd6 {
(04:11} exd6 {(00:12} 19. Rc1 {(03:30} Bd7 {(01:
08} 20. Qf2 {(05:03} Re7 {(07:50} 21. a3 {(09:41} Qb6
{(01:29} 22. Nd1 {(06:29} Rae8 {(02:01} 23. Bc2 {
(05:53} Qd8 {(02:05} 24. Qh4 {(04:21} Re5 {(03:
49} 25. Qxd8 {(02:50} Rxd8 {(00:07} 26. Kf2 {(05:00}
g5 {(05:58} 27. b4 {(05:46} g4 {(03:58} 28. Rg3 {
(03:14} h5 {(00:54} 29. e4 {(01:40} fxe4 {(01:
10} 30. Rb1 {(00:48} b6 {(02:42} 31. bxc5 {(00:59}
dxc5 {(00:39} 32. Nc3 {(02:25} e3+ {(01:01} 33. Ke2 {
(01:26} h4 {(00:25} 34. Rxe3 {(00:23} Rxe3+ {(
00:11} 35. Kxe3 {(00:06} Bxc3 {(00:07} 36. Kf4 {(01:00]
} Rf8+ {(01:40} 37. Kg5 {(00:38} Rf2 {(01:28} 38. Be4 {
(00:31} Bf6+ {(01:34} 39. Kg6 {(00:53} Be8+ {(
00:49} 40. Kh6 {(00:00} Re2 {(00:00} 41. Bh7+ {(05:28}
Kh8 {(14:35} 42. Bf5 {(00:27} Re7 {(03:34} 43. Rf1 {
(02:11} Rg7 {(00:36} 0-1

[Event "42nd Olympiad Baku 2016 Open"]
[Site "Baku"]
[Date "2016.09.08"]
[Round "6.24"]
[White "Al Khateeb, Taher"]
[Black "Arvind, Goru"]
[Result "1-0"]
[ECO "A80"]
[WhiteElo "2002"]
[BlackElo "1717"]
[Annotator ""]
[PlyCount "95"]
[EventDate "2016.??.??"]
[EventCountry "AZE"]
[SourceTitle "playchess.com"]
[Source "ChessBase"]
[WhiteTeam "Kuwait"]
[BlackTeam "Fiji"]
[WhiteTeamCountry "KUW"]
[BlackTeamCountry "FIJ"]
[TimeControl "40/5400+30:1800+30"]

1. d4 {(00:00} f5 {(00:05} 2. Bg5 {(00:00} h6 {(
00:57} 3. Bh4 {(00:00} g5 {(02:05} 4. e3 {(00:00} Nf6
{(02:39} 5. Bg3 {(01:45} e6 {(03:59} 6. h4 {(02:
18} g4 {(01:49} 7. Bd3 {(00:56} d5 {(03:27} 8. Ne2 {
(00:45} Bd6 {(01:22} 9. Nf4 {(01:02} Rg8 {(03:
12} 10. Nc3 {(03:25} c6 {(06:14} 11. Nce2 {(01:20} Qe7
{(01:13} 12. h5 {(00:24} Bc7 {(05:57} 13. c3 {(
00:48} Qf7 {(02:28} 14. Qc2 {(02:21} Ne4 {(03:39} 15.
Bxe4 {(02:15} dxe4 {(02:41} 16. Bh4 {(06:55} Nd7 {
(02:54} 17. Ng6 {(01:18} Bd8 {(10:10} 18. Bg3 {(
02:13} Nf6 {(03:26} 19. Ne5 {(04:53} Qg7 {(02:38} 20.
Qb3 {(04:47} Nd5 {(02:04} 21. Nc4 {(03:53} Be7 {
(02:18} 22. Nf4 {(02:14} b5 {(03:41} 23. Nxd5 {(
03:33} exd5 {(03:09} 24. Ne5 {(01:12} Bd7 {(01:19} 25.
a4 {(00:33} b4 {(09:59} 26. cxb4 {(01:03} Bd6 {(
00:12} 27. b5 {(04:47} Bxe5 {(04:06} 28. Bxe5 {(00:04}
Qf7 {(00:16} 29. bxc6 {(01:33} Bxc6 {(00:32} 30. Qa3 {
(03:21} Qd7 {(03:48} 31. b4 {(01:06} Kf7 {(00:
34} 32. b5 {(00:59} Bb7 {(00:25} 33. Rc1 {(00:26} Rac8
{(00:33} 34. O-O {(07:00} Rc4 {(03:50} 35. Rxc4 {
(02:18} dxc4 {(00:11} 36. Rc1 {(00:11} Rc8 {(00:
16} 37. Qb4 {(01:05} Bd5 {(01:04} 38. a5 {(05:12} Be6
{(01:46} 39. b6 {(08:54} axb6 {(01:08} 40. axb6 {
(00:00} Bd5 {(00:00} 41. Bc7 {(06:28} Rxc7 {(22:
22} 42. bxc7 {(00:19} Qxc7 {(00:11} 43. Qb5 {(01:37}
Qd6 {(03:02} 44. Ra1 {(01:38} g3 {(05:38} 45. Ra7+ {
(00:36} Kf8 {(03:17} 46. Rd7 {(04:35} gxf2+ {(
01:07} 47. Kxf2 {(00:29} Qh2 {(00:34} 48. Qc5+ {(00:44]
} 1-0

[Event "42nd Olympiad Baku 2016 Open"]
[Site "Baku"]
[Date "2016.09.08"]
[Round "6.3"]
[White "Al Sori, Mohamed"]
[Black "Repka, Christopher"]
[Result "0-1"]
[ECO "A17"]
[WhiteElo "2036"]
[BlackElo "2486"]
[Annotator ""]
[PlyCount "86"]
[EventDate "2016.??.??"]
[EventCountry "AZE"]
[SourceTitle "playchess.com"]
[Source "ChessBase"]
[WhiteTeam "Libya"]
[BlackTeam "Slovakia"]
[WhiteTeamCountry "LBY"]
[BlackTeamCountry "SVK"]
[TimeControl "40/5400+30:1800+30"]

1. Nf3 {(00:07} Nf6 {(00:00} 2. c4 {(00:09} e6 {
(02:04} 3. Nc3 {(03:31} Bb4 {(00:17} 4. d4 {(06:
36} b6 {(01:10} 5. a3 {(01:15} Bxc3+ {(00:09} 6. bxc3
{(00:06} Nc6 {(00:56} 7. Qc2 {(02:12} d6 {(07:
18} 8. Bg5 {(08:52} h6 {(00:09} 9. Bh4 {(02:21} e5 {
(01:36} 10. e3 {(02:30} g5 {(03:05} 11. Bg3 {(
00:19} Qe7 {(00:06} 12. Be2 {(06:55} Bd7 {(01:06} 13.
Rb1 {(08:31} Kf8 {(01:21} 14. Nd2 {(02:53} Re8 {
(01:14} 15. Qd3 {(10:05} Kg7 {(02:18} 16. d5 {(
12:01} Na5 {(00:26} 17. Bd1 {(01:01} Nb7 {(00:22} 18.
Bc2 {(04:08} Nc5 {(04:25} 19. Qe2 {(00:29} Qd8 {
(04:03} 20. e4 {(07:44} Qc8 {(02:00} 21. Nb3 {(
02:50} Nfxe4 {(01:27} 22. Bxe4 {(01:06} Nxe4 {(00:05}
23. Rc1 {(02:31} f5 {(00:28} 24. f3 {(01:29} Nf6 {
(00:05} 25. O-O {(01:07} Nh5 {(00:40} 26. Bf2 {(
01:03} Nf4 {(00:44} 27. Qc2 {(00:02} Qa6 {(00:47} 28.
Nd2 {(00:38} Ne2+ {(00:25} 29. Kh1 {(00:36} Nxc1 {
(00:07} 30. Qxc1 {(00:23} c5 {(00:16} 31. Re1 {(
00:53} Rb8 {(00:28} 32. Qa1 {(06:42} Qa4 {(00:15} 33.
Qa2 {(00:45} Rb7 {(00:15} 34. h3 {(00:35} Rhb8 {
(00:08} 35. Kh2 {(00:56} b5 {(00:21} 36. Bxc5 {(
01:05} dxc5 {(00:06} 37. Rxe5 {(00:16} Re8 {(00:44}
38. Rxe8 {(01:19} Bxe8 {(00:04} 39. Qb1 {(00:28} Qa6 {
(00:30} 40. Qxf5 {(00:00} Qf6 {(00:00} 41. Qc8 {
(01:59} Qd6+ {(02:00} 42. Kh1 {(00:35} Rb8 {(00:
13} 43. Qf5 {(01:17} Bg6 {(00:06} 0-1

[Event "42nd Olympiad Baku 2016 Open"]
[Site "Baku"]
[Date "2016.09.08"]
[Round "6.33"]
[White "Alcid, Allan"]
[Black "Manan, Yoboue Hermann"]
[Result "0-1"]
[ECO "C50"]
[WhiteElo "1750"]
[BlackElo "2115"]
[Annotator ""]
[PlyCount "128"]
[EventDate "2016.??.??"]
[EventCountry "AZE"]
[SourceTitle "playchess.com"]
[Source "ChessBase"]
[WhiteTeam "PLW"]
[BlackTeam "CIV"]
[TimeControl "40/5400+30:1800+30"]

1. e4 {(00:00} e5 {(00:00} 2. Nf3 {(00:04} Nc6 {
(00:00} 3. Nc3 {(00:50} Nf6 {(00:04} 4. Bc4 {(
00:59} Bc5 {(00:21} 5. O-O {(00:56} O-O {(00:09} 6. d3
{(00:32} h6 {(00:18} 7. a3 {(00:51} a6 {(00:19}
8. Ne2 {(00:49} d5 {(03:34} 9. exd5 {(00:42} Nxd5 {
(00:09} 10. b4 {(01:07} Ba7 {(01:24} 11. Bb2 {(
01:31} Re8 {(02:06} 12. Ng3 {(01:58} Nf4 {(03:02} 13.
Qd2 {(01:49} Qf6 {(10:42} 14. Rae1 {(03:29} Bg4 {
(01:21} 15. Ne4 {(11:28} Qg6 {(15:43} 16. Nh4 {(
06:33} Qh5 {(01:24} 17. g3 {(11:41} Bh3 {(05:35} 18.
Bxe5 {(05:28} Nxe5 {(02:03} 19. Qxf4 {(02:36} Nxc4 {
(02:04} 20. dxc4 {(02:42} Bxf1 {(00:50} 21. Kxf1 {
(01:46} Qe5 {(08:04} 22. Qg4 {(03:55} Re6 {(05:
05} 23. Nf5 {(05:50} Rg6 {(03:29} 24. Qf3 {(06:37} Re6
{(06:21} 25. Qg4 {(00:03} Rae8 {(07:53} 26. c5 {
(00:57} h5 {(09:11} 27. Qg5 {(03:20} g6 {(04:16]
} 28. Nh6+ {(06:59} Kg7 {(01:34} 29. Nxf7 {(05:11} Kxf7
{(03:17} 30. Nd6+ {(03:09} cxd6 {(00:14} 31. Rxe5 Rxe5
32. Qf4+ {(02:50} Ke6 {(02:54} 33. Qc4+ {(00:31} Kd7 {
(00:48} 34. Qf7+ {(00:41} R8e7 {(00:11} 35. Qxg6 {
(01:31} dxc5 {(00:13} 36. Qd3+ {(00:33} Kc6 {(
01:29} 37. c4 {(01:43} cxb4 {(00:48} 38. axb4 {(00:06}
Rd7 {(00:50} 39. Qf3+ {(00:28} Kc7 {(00:28} 40. c5 {
(03:25} a5 {(00:43} 41. Qa3 {(00:53} b6 {(01:46]
} 42. cxb6+ {(02:10} Bxb6 {(00:54} 43. Qc3+ {(00:22}
Kd6 {(00:25} 44. f4 {(00:17} Re3 {(01:38} 45. Qf6+ {
(00:40} Kc7 {(00:39} 46. b5 {(01:29} Bd4 {(03:
47} 47. Qc6+ {(00:29} Kd8 {(00:11} 48. Qa8+ {(00:08}
Ke7 {(00:40} 49. Qxa5 {(00:13} Rf3+ {(05:01} 50. Kg2 {
(00:16} Rf2+ {(00:23} 51. Kh3 {(00:16} Rb2 {(00:
56} 52. Qe1+ {(01:50} Kf7 {(00:51} 53. f5 {(00:50} Rd6
{(00:58} 54. Qd1 {(00:45} Rxb5 {(01:19} 55. Qxh5+ {
(00:18} Kf6 {(01:31} 56. Kg4 {(02:54} Rb4 {(01:
32} 57. Qg6+ {(01:28} Ke7 {(00:42} 58. Qh7+ {(00:22}
Bg7+ {(01:22} 59. Kg5 {(00:50} Kf8 {(00:32} 60. Qh3 {
(03:20} Bh6+ {(01:17} 61. Kh5 {(00:26} Be3 {(01:
07} 62. f6 {(00:50} Rd5+ {(00:46} 63. Kg6 {(00:26}
Rg5+ {(00:14} 64. Kh7 {(00:36} Rb7+ {(00:16} 0-1

[Event "42nd Olympiad Baku 2016 Open"]
[Site "Baku"]
[Date "2016.09.08"]
[Round "6.20"]
[White "Aleksandrov, Aleksej"]
[Black "Krnan, Tomas"]
[Result "1/2-1/2"]
[ECO "A45"]
[WhiteElo "2547"]
[BlackElo "2430"]
[Annotator ""]
[PlyCount "62"]
[EventDate "2016.??.??"]
[EventCountry "AZE"]
[SourceTitle "playchess.com"]
[Source "ChessBase"]
[WhiteTeam "Belarus"]
[BlackTeam "Canada"]
[WhiteTeamCountry "BLR"]
[BlackTeamCountry "CAN"]
[TimeControl "40/5400+30:1800+30"]

1. d4 {(00:00} Nf6 {(00:00} 2. Bg5 {(00:00} e6 {
(01:01} 3. Nd2 {(03:38} h6 {(01:10} 4. Bh4 {(00:
12} c5 {(01:14} 5. e3 {(02:15} Be7 {(02:29} 6. c3 {
(04:40} b6 {(02:06} 7. a4 {(01:53} Bb7 {(02:48}
8. Ngf3 {(04:43} O-O {(01:47} 9. Bd3 {(01:14} d6 {
(04:03} 10. O-O {(13:59} cxd4 {(06:39} 11. exd4 {
(00:24} Nh5 {(01:55} 12. Bg3 {(02:33} Nxg3 {(06:
25} 13. hxg3 {(00:22} Nd7 {(04:14} 14. a5 {(02:26} Qc7
{(07:05} 15. Qe2 {(05:26} Nf6 {(09:57} 16. Rfe1 {
(15:57} Rab8 {(08:11} 17. axb6 {(02:26} axb6 {(
00:06} 18. Bb5 {(09:28} Ra8 {(04:05} 19. Nh4 {(05:20}
Nd5 {(09:34} 20. Qg4 {(07:45} Nf6 {(02:45} 21. Qe2 {
(01:20} Nd5 {(00:09} 22. Nhf3 {(00:26} g6 {(05:
06} 23. Ba6 {(05:13} Bc6 {(02:25} 24. Bb5 {(01:33} Bb7
{(01:11} 25. Ba6 {(01:25} Bc6 {(01:06} 26. Bd3 {
(00:25} Nf6 {(02:09} 27. Bb5 {(04:12} Bb7 {(01:
09} 28. Ba6 {(00:26} Bc6 {(00:46} 29. Bb5 {(00:36} Bb7
{(00:28} 30. Ba6 {(01:10} Bc6 {(01:01} 31. Bb5 {
(00:45} Bb7 1/2-1/2

[Event "42nd Olympiad Baku 2016 Open"]
[Site "Baku"]
[Date "2016.09.08"]
[Round "6.34"]
[White "Alhadad, Mahmoud"]
[Black "Aguilar, Luis Miguel"]
[Result "0-1"]
[ECO "B35"]
[WhiteElo "1999"]
[BlackElo "2301"]
[Annotator ""]
[PlyCount "94"]
[EventDate "2016.??.??"]
[EventCountry "AZE"]
[SourceTitle "playchess.com"]
[Source "ChessBase"]
[WhiteTeam "Palestine"]
[BlackTeam "Bolivia"]
[WhiteTeamCountry "PLE"]
[BlackTeamCountry "BOL"]
[TimeControl "40/5400+30:1800+30"]

1. e4 {(00:00} c5 {(00:00} 2. Nf3 {(00:00} g6 {(
00:00} 3. d4 {(00:00} cxd4 {(00:00} 4. Nxd4 {(00:00}
Nc6 {(00:00} 5. Nc3 {(00:03} Bg7 {(00:02} 6. Be3 {
(00:11} Nf6 {(00:13} 7. Bc4 {(00:05} d6 {(00:09]
} 8. f3 {(00:33} Qb6 {(00:18} 9. Bb5 {(13:46} Qc7 {
(00:06} 10. Qd2 {(04:14} a6 {(00:21} 11. Be2 {(
05:50} h6 {(06:17} 12. O-O {(08:17} Ne5 {(03:07} 13.
Rad1 {(02:48} Bd7 {(02:43} 14. h3 {(03:18} Nc4 {
(04:12} 15. Bxc4 {(00:03} Qxc4 {(00:05} 16. f4 {
(11:28} Qc7 {(04:03} 17. Nde2 {(11:27} Bc6 {(06:
14} 18. Ng3 {(10:31} O-O {(10:57} 19. Rfe1 {(09:14} b5
{(04:04} 20. e5 {(05:08} dxe5 {(07:23} 21. fxe5 {
(00:03} Rad8 {(02:02} 22. Qf2 {(01:15} Rxd1 {(
01:51} 23. Nxd1 {(00:04} Nd7 {(00:47} 24. Bd4 {(01:29}
Nxe5 {(00:52} 25. c3 {(02:30} Nd3 {(03:01} 26. Qe3 {
(01:36} Bxd4 {(01:33} 27. cxd4 {(00:05} Nxe1 {(
00:06} 28. Qxe1 {(00:08} Qf4 {(02:28} 29. Ne2 {(00:41}
Qg5 {(01:35} 30. Qf2 {(00:26} Qf6 {(05:55} 31. Qg3 {
(01:05} h5 {(02:30} 32. Ne3 {(00:55} Re8 {(00:
22} 33. Nf4 {(01:32} Kh7 {(01:52} 34. d5 {(00:14} Bb7
{(01:34} 35. b3 {(00:37} Rc8 {(00:45} 36. Ne2 {(
03:03} b4 {(03:50} 37. h4 {(01:47} a5 {(02:12} 38. Qg5
{(01:39} Qxg5 {(01:26} 39. hxg5 {(00:03} Rc5 {(
00:09} 40. Nf4 {(00:00} Rc1+ {(00:00} 41. Kf2 {(07:45}
Ra1 {(00:26} 42. Nc4 {(02:34} a4 {(01:51} 43. d6 {
(07:22} Rxa2+ {(00:50} 44. Ke3 {(00:05} exd6 {(
00:22} 45. Nxd6 {(00:13} axb3 {(02:04} 46. Nxf7 {(03:
57} b2 {(00:22} 47. Nxh5 {(02:50} gxh5 {(00:15} 0-1

[Event "42nd Olympiad Baku 2016 Open"]
[Site "Baku"]
[Date "2016.09.08"]
[Round "6.29"]
[White "Alice, Mateus Felizardo Vi"]
[Black "Dervishi, Erald"]
[Result "0-1"]
[ECO "C77"]
[WhiteElo "2164"]
[BlackElo "2564"]
[Annotator ""]
[PlyCount "168"]
[EventDate "2016.??.??"]
[EventCountry "AZE"]
[SourceTitle "playchess.com"]
[Source "ChessBase"]
[WhiteTeam "Mozambique"]
[BlackTeam "Albania"]
[WhiteTeamCountry "MOZ"]
[BlackTeamCountry "ALB"]
[TimeControl "40/5400+30:1800+30"]

1. e4 {(00:00} e5 {(00:00} 2. Nf3 {(00:00} Nc6 {
(00:00} 3. Bb5 {(00:00} a6 {(00:00} 4. Ba4 {(00:
00} Nf6 {(00:01} 5. Bxc6 {(00:00} dxc6 6. d3 {(00:00}
Nd7 {(00:42} 7. Nbd2 {(00:00} Bd6 {(01:29} 8. Nc4 {
(00:04} c5 {(00:54} 9. Bd2 {(00:06} f6 {(07:53}
10. Nh4 {(00:34} Nf8 {(00:30} 11. Qh5+ {(08:53} g6 {
(00:57} 12. Qe2 {(02:15} Be6 {(03:21} 13. Nxd6+ {
(01:57} Qxd6 {(01:45} 14. Nf3 {(01:17} O-O-O {(
01:26} 15. b3 {(00:40} g5 {(03:12} 16. O-O-O {(01:06}
Ng6 {(03:04} 17. Kb1 {(00:17} g4 {(03:24} 18. Ng1 {
(01:08} h5 {(02:12} 19. h3 {(02:04} f5 {(28:25}
20. exf5 {(01:29} Bxf5 {(00:03} 21. hxg4 {(00:17} hxg4
{(00:35} 22. Rxh8 {(00:23} Rxh8 {(00:13} 23. g3 {
(00:33} Qd5 {(09:22} 24. Qe3 {(08:56} e4 {(07:
01} 25. dxe4 {(00:43} Bxe4 {(00:08} 26. Re1 {(02:10}
Re8 {(05:43} 27. Qc3 {(02:07} Ne5 {(04:24} 28. Be3 {
(01:27} b6 {(03:38} 29. Ne2 {(00:41} Nf3 {(00:
31} 30. Rc1 {(01:10} Rd8 {(02:36} 31. Nf4 {(00:43} Qf7
{(02:25} 32. Kb2 {(01:38} Kb7 {(01:57} 33. a4 {(
00:14} a5 {(01:04} 34. Ne2 {(03:10} Qf5 {(02:05} 35.
Rb1 {(04:58} Ne5 {(00:52} 36. Rc1 {(03:15} Nc6 {
(00:20} 37. Nf4 {(02:30} Rd6 {(01:35} 38. Ne2 {(
02:34} Nb4 {(00:08} 39. Nf4 {(00:20} Bf3 {(02:19} 40.
Bd2 {(00:00} Qd7 {(00:00} 41. Be3 {(13:33} Qf5 {
(13:54} 42. Bd2 {(03:02} Be4 {(00:14} 43. Be3 {(
00:48} Qh7 {(01:30} 44. Bd2 {(00:28} Qd7 {(00:55} 45.
Be1 {(04:29} Qh7 {(05:38} 46. Qc4 {(02:27} Rd4 {
(02:10} 47. Qe2 {(01:16} Bf3 {(00:30} 48. Qe3 {(
02:39} Re4 {(00:27} 49. Qc3 {(00:54} c4 {(04:02} 50.
Bd2 {(02:35} Qd7 {(02:35} 51. Re1 {(03:47} Rd4 {
(01:06} 52. Be3 {(00:39} Rd6 {(00:22} 53. Rc1 {(
01:22} Rc6 {(01:53} 54. bxc4 {(03:04} Qf7 {(01:22} 55.
Nd3 {(25:50} Nd5 {(02:28} 56. Ne5 {(02:19} Nxc3 {
(00:33} 57. Nxf7 {(00:11} Rxc4 {(00:32} 58. Ne5 {
(02:04} Nxa4+ {(00:05} 59. Ka1 {(03:38} Re4 {(
01:10} 60. Nxf3 gxf3 {(00:01} 61. Rd1 {(02:06} c5 {(00:
43} 62. Rd7+ {(00:29} Kc6 {(00:11} 63. Rf7 {(00:04}
Nc3 {(00:43} 64. Bd2 {(01:38} Ra4+ {(00:10} 65. Kb2 {
(00:59} Nd1+ {(00:21} 66. Kb3 {(00:24} Kb5 {(00:
24} 67. c3 {(01:57} Nxf2 {(00:15} 68. Rxf3 {(00:20}
Ne4 {(01:48} 69. Bc1 {(02:04} Rc4 {(00:47} 70. g4 {
(00:22} a4+ {(00:04} 71. Kb2 {(00:18} a3+ {(00:
24} 72. Kxa3 {(00:40} Nxc3 {(00:40} 73. g5 {(00:23}
Nd5 {(00:14} 74. Kb2 {(00:37} Rg4 {(00:07} 75. Bd2 {
(01:14} Kc4 {(00:31} 76. Rf1 {(03:05} Kd3 {(00:
07} 77. Kc1 {(00:56} b5 {(01:18} 78. Rf3+ {(00:16} Ke4
{(00:52} 79. Rf8 {(00:25} b4 {(00:30} 80. Kc2 {(
02:58} Rg2 {(00:16} 81. Kd1 {(02:27} c4 {(00:25} 82.
Rh8 c3 {(01:13} 83. Rh4+ {(01:50} Kd3 {(00:30} 84. Rh3+
{(00:29} Kc4 {(00:07} 0-1